 Dungeon Crawl Stone Soup version 0.32-a0-871-ge202e49faa (webtiles) character file.

Game seed: 2340734917162719814

124166 smashvw the Severer (level 16, -1/134 (162) HPs)
             Began as a Minotaur Berserker on Mar 30, 2024.
             Was the Champion of Trog.
             Drowned by a water elemental (5 damage)
             ... summoned by Ilsuiw
             ... on level 2 of the Shoals.
             The game lasted 01:02:13 (24168 turns).

smashvw the Severer (Minotaur Berserker)           Turns: 24168, Time: 01:02:14

HP:   -1/134 (162)  AC: 29    Str: 32    XL:     16   Next: 38%
MP:   8/8           EV:  9    Int:  6    God:    Trog [******]
Gold: 518           SH:  0    Dex: 12    Spells: 15/15 levels left

rFire   . . .        U - +4 executioner's axe (antimagic)
rCold   + . .        (shield currently unavailable)
rNeg    . . .        X - +7 plate armour "Optoad" {+Inv rF+ Str+2 Dex-5}
rPois   +            J - +0 hat
rElec   .            M - +1 cloak of Tiehyeri {Dex+4 Slay+3 Stlth+}
rCorr   .            (no gloves)
SInv    .            H - +0 pair of boots
Will    +....        (no amulet) Stlth
                     q - ring "Ofaell" {rPois MP+9 Str+5 Stlth+}
HPRegen 0.42/turn    y - ring of ice
MPRegen 0.11/turn

%: no passive effects
@: engulfed (cannot breathe), hasted, heavily drained, very quick
A: horns 2, retaliatory headbutt
a: Renounce Religion, Evoke Invisibility, Berserk, Trog's Hand, Brothers in Arms


You were on level 2 of the Shoals.
You worshipped Trog.
Trog was exalted by your worship.
You visited 5 branches of the dungeon, and saw 22 of its levels.
You visited 1 bazaar.
You also visited: Ice Cave.

You collected 2652 gold pieces.
You spent 2134 gold pieces at shops.

Inventory:

Hand Weapons
 K - a +5 broad axe of protection
 U - a +4 antimagic executioner's axe (weapon)
 Z - the +9 quick blade of Ophery {flame, rF+++ rC+ rN+ Will-}
   (Trog gifted it to you on level 4 of the Lair of Beasts)

   rF+++:     It renders you almost immune to fire.
   rC+:       It protects you from cold.
   rN+:       It protects you from negative energy.
   Will-:     It decreases your willpower.
Missiles
 o - 36 boomerangs
 w - a javelin
 G - 24 poisoned darts
 Q - 3 curare-tipped darts
Armour
 H - a +0 pair of boots (worn)
 J - a +0 hat (worn)
 M - the +1 cloak of Tiehyeri (worn) {Dex+4 Slay+3 Stlth+}
   (You found it on level 9 of the Dungeon)

   Dex+4:     It affects your dexterity (+4).
   Slay+3:    It affects your accuracy & damage with ranged weapons and melee
   (+3).
   Stlth+:    It makes you more stealthy.
 O - a +1 plate armour of cold resistance
 X - the +7 plate armour "Optoad" (worn) {+Inv rF+ Str+2 Dex-5}
   (You bought it in a shop on level 2 of the Shoals)

   Str+2:     It affects your strength (+2).
   Dex-5:     It affects your dexterity (-5).
   rF+:       It protects you from fire.
   +Inv:      It lets you turn invisible.
Jewellery
 a - the ring of Inlozips {rF+ rN+ EV+5 Dex+5}
   (You found it in an ice cave)

   [ring of evasion]

   EV+5:      It affects your evasion (+5).
   Dex+5:     It affects your dexterity (+5).
   rF+:       It protects you from fire.
   rN+:       It protects you from negative energy.
 j - an amulet of reflection
 l - a ring of protection from fire
 q - the ring "Ofaell" (left hand) {rPois MP+9 Str+5 Stlth+}
   (You acquired it on level 5 of the Dungeon)

   [ring of magical power]

   Str+5:     It affects your strength (+5).
   rPois:     It protects you from poison.
   MP+9:      It affects your magic capacity (+9).
   Stlth+:    It makes you more stealthy.
 s - a ring of resist corrosion
 y - a ring of ice (right hand)
 D - a ring of flight
 R - the amulet of Umyshaewkij {Will+ Regen+ Str+3}
   (You found it in an ice cave)

   [amulet of regeneration]

   Str+3:     It affects your strength (+3).
   Will+:     It increases your willpower.
   Regen+:    It increases your rate of health regeneration.
 V - a ring of willpower
 Y - the amulet of the Six Defenders {Regen+ Str+4}
   (You acquired it on level 4 of the Lair of Beasts)

   [amulet of regeneration]

   Str+4:     It affects your strength (+4).
   Regen+:    It increases your rate of health regeneration.
Talismans
 T - a maw talisman
Wands
 d - a wand of mindburst (3)
 e - a wand of iceblast (32)
 u - a wand of light (17)
 v - a wand of flame (95) (quivered)
 L - a wand of charming (18)
 W - a wand of digging (9)
Scrolls
 b - a scroll of fear
 c - 3 scrolls of enchant weapon
 i - 10 scrolls of teleportation
 m - 5 scrolls of poison
 p - 6 scrolls of revelation
 r - 4 scrolls of enchant armour
 x - a scroll of fog
 E - 2 scrolls of blinking
 F - 2 scrolls of silence
 I - a scroll of immolation {unknown}
 S - a scroll of noise {unknown}
Potions
 f - 4 potions of haste
 g - 2 potions of degeneration
 h - a potion of ambrosia {unknown}
 k - 6 potions of mutation
 n - 13 potions of curing
 t - 3 potions of berserk rage {unknown}
 z - 6 potions of attraction
 A - 3 potions of heal wounds
 B - a potion of resistance
 C - 2 potions of lignification {unknown}
 N - a potion of invisibility {unknown}
 P - 5 potions of enlightenment


   Skills:
 - Level 20.0 Fighting
 - Level 20.8 Axes
 - Level 5.0 Throwing
 + Level 17.5 Armour
 - Level 5.0 Dodging
 - Level 7.0 Evocations


You had 15 spell levels left.
You didn't know any spells.
Your spell library was empty.

Dungeon Overview and Level Annotations

Branches:
Dungeon (11/15)            Temple (0/1) D:4            Lair (4/5) D:10
 Shoals (2/4) Lair:3        Snake (3/4) Lair:3        Slime (0/5) Lair:4
    Orc (2/2) D:9             Elf (0/3) Orc:2         IceCv (visited)

Altars:
Ashenzari
Cheibriados
Dithmenos
Elyvilon
Fedhas
Gozag
Hepliaklqana
Kikubaaqudgha
Makhleb
Qazlal
Sif Muna
Trog
Uskayaw
Vehumet
Beogh

Shops:
D:1 *   D:7 =   Orc:1 *:   Orc:2 !:(!   Shoals:2 [!((:   Snake:1 :

Annotations:
Shoals:2 Ilsuiw
Snake:1 3 runed translucent doors, exclusion: obsidian statue, Xewisus's ghost, adept CoBe
Snake:3 3 runed translucent doors, Usydixif's ghost, adept MDNe


Innate Abilities, Weirdness & Mutations

You have a pair of horns on your head.
You reflexively headbutt those who attack you in melee.


Message History

A shard of ice appears from out of thin air!
The shard of ice hits you!! You partially resist.
* * * LOW HITPOINT WARNING * * *
The water elemental barely misses you. The merfolk impaler misses you.
You furiously retaliate!
You headbutt the merfolk impaler!!
You feel better.
* * * LOW HITPOINT WARNING * * *
Your lungs strain for air!
The merfolk impaler hits you with a +2 trident of venom!
* * * LOW HITPOINT WARNING * * *
You cannot read scrolls while unable to breathe!
Okay, then.
You cannot read scrolls while unable to breathe!
You feel much better.
* * * LOW HITPOINT WARNING * * *
Your lungs strain for air!
Something hits you but does no damage. The water elemental closely misses you.
You furiously retaliate!
You headbutt the water elemental! The water elemental hits you!
* * * LOW HITPOINT WARNING * * *
The merfolk impaler closely misses you.
You cannot read scrolls while unable to breathe!
Okay, then.
You feel much better.
* * * LOW HITPOINT WARNING * * *
Your lungs strain for air!
The water elemental hits you.
* * * LOW HITPOINT WARNING * * *
The merfolk impaler misses you. Something hits you!
* * * LOW HITPOINT WARNING * * *
Something freezes you.
* * * LOW HITPOINT WARNING * * *
The water elemental hits you.
You feel drained.
You fail to use your ability.
* * * LOW HITPOINT WARNING * * *
Your lungs strain for air!
The merfolk impaler hits you with a +2 trident of venom!
* * * LOW HITPOINT WARNING * * *
You feel drained.
You fail to use your ability.
You die...

....................P~~≈≈≈≈≈≈
.....~..)..#####...)~~PP≈≈≈≈≈≈
~~~....~...#...#....~~~~≈≈≈≈≈≈
......~~...#.∩.#.....P~PP≈≈≈≈≈≈
....~......#...#..:.[~~P~≈≈≈≈≈≈
...~~......#.>.#.....~P~~≈≈≈≈≈≈
...~~~~....#...#.....~~P≈P~~≈≈≈
..~~≈~~~...#####.E....~P≈~P~~≈≈
...~~~~~...÷.~(.@E....÷~P~P.P~≈
.....~~~~.÷..~~)m{....~P~~..~~≈
.......~..÷...~~.....~~~~~~~~~≈
......~~.....~.....~~~~~P~~~~≈≈
ß.....~~~~~~~P.....~~~P~~~~≈≈≈≈≈≈
......~~~~~P~~.....~~~~~~~≈≈≈≈~~~
......~~~~~~~~...P~~~~~~≈≈≈≈≈≈~~~
......~~~~~~~~~~~~~~~~~~~~≈≈≈~~~~
.......~≈≈≈≈≈~~~~~~~~~~~~~~~~~~~~


You could see a merfolk impaler and 2 water elementals.

Vanquished Creatures
  Jorgrun (Orc:1)
  Gastronok (D:11)
  A draconian knight (IceCv)
  5 white draconians (IceCv)
  A merfolk javelineer (Shoals:2)
  A merfolk impaler (Shoals:2)
  2 hydras
  Erolcha (Orc:1)
  3 catoblepae
  A salamander tyrant (Snake:3)
  Fannar (D:10)
  A centaur warrior (Shoals:1)
  3 two-headed ogres
  9 anacondas
  2 merfolk aquamancers
  4 naga warriors
  4 naga sharpshooters
  Sonja (D:11)
  A shock serpent (Snake:1)
  3 orc high priests (Orc:2)
  2 skysharks
  6 salamander mystics (Snake:3)
  6 mana vipers
  6 sea snakes
  Pikel (D:6)
  3 harpies (Shoals:2)
  4 naga ritualists
  6 orc knights
  2 deep elf pyromancers (D:10)
  An orange crystal statue (IceCv)
  6 fauns (Shoals:1)
  4 manticores
  5 orc sorcerers (Orc:2)
  16 salamanders
  An ugly thing (D:11)
  3 cyclopes
  Maurice (Orc:1)
  21 elephants (Lair:3)
  6 merfolk sirens
  2 guardian serpents
  4 naga magi
  3 kobold blastminers
  Joseph (D:7)
  18 black mambas
  2 gargoyles
  9 storm dragon simulacra (IceCv)
  2 unseen horrors (D:11)
  10 cane toads
  Maggie (D:9)
  A rime drake (Lair:3)
  2 freezing wraiths (Shoals:1)
  5 komodo dragons
  Jeremiah (D:7)
  3 golden dragon simulacra (IceCv)
  3 trolls
  A polar bear (Lair:4)
  A wind drake (Shoals:1)
  4 merfolk
  36 blink frogs
  Prince Ribbit (D:6)
  8 dream sheep
  2 snapping turtles
  A wraith (D:11)
  67 yaks
  2 fire bats (Lair:3)
  3 wyverns
  6 basilisks
  10 water elementals
  4 wargs
  A steam dragon (D:7)
  22 nagas
  12 water moccasins
  Duvessa (D:6)
  2 acid dragons
  A black bear (Lair:4)
  An ice beast (D:7)
  18 orc warriors
  6 ogres
  4 ice dragon simulacra (IceCv)
  2 sky beasts (D:8)
  3 centaurs
  5 wolves (Lair:3)
  3 lemures (D:6)
  A phantom (D:5)
  Blork the orc (D:6)
  10 bullfrogs
  A gnoll sergeant (D:5)
  3 scorpions
  8 wights (D:8)
  Dowan (D:6)
  5 lindwurm simulacra (IceCv)
  9 killer bees
  5 electric eels
  4 howler monkeys
  A bombardier beetle (D:5)
  A lava snake (Lair:3)
  A centaur zombie (D:8)
  2 hounds (D:5)
  19 orc priests
  Crazy Yiuf (D:6)
  A gnoll bouda (D:8)
  4 iguanas
  2 sleepcaps
  Terence (D:3)
  20 orc wizards
  3 killer bee zombies (D:8)
  A mummy (D:8)
  3 adders
  22 gnolls
  2 shadow imps (D:7)
  4 white imps
  4 ufetubi
  2 ribbon worms (D:5)
  5 dart slugs
  115 orcs
  6 bats
  7 endoplasms
  A giant cockroach (D:3)
  7 goblins
  6 hobgoblins
  17 jackals
  5 kobolds
  3 quokkas
  6 ball pythons
  A frilled lizard (D:3)
  5 rats
766 creatures vanquished.

Vanquished Creatures (others)
  A black mamba (Snake:1)
  A blink frog (Lair:3)
  An orc wizard (D:11)
  A butterfly (Lair:4)
4 creatures vanquished.

Grand Total: 770 creatures vanquished

Notes
Turn   | Place    | Note
-------+----------+-------------------------------------------
     0 | D:1      | smashvw the Minotaur Berserker began the quest for the Orb.
     0 | D:1      | Reached XP level 1. HP: 19/19 MP: 0/0
   201 | D:1      | Reached XP level 2. HP: 23/27 MP: 1/1
   275 | D:1      | Found Gitosch's Assorted Antiques.
   475 | D:1      | Found a faded altar of an unknown god.
   509 | D:1      | You fall into a shaft and drop 1 floor!
   689 | D:2      | Reached XP level 3. HP: 18/33 MP: 2/2
   858 | D:2      | Reached XP level 4. HP: 33/41 MP: 3/3
  1133 | D:2      | Reached ** piety under Trog
  2010 | D:3      | Noticed Terence
  2020 | D:3      | Killed Terence
  2105 | D:3      | Reached skill level 5 in Fighting
  2109 | D:3      | Reached XP level 5. HP: 45/48 MP: 4/4
  2117 | D:3      | Reached skill level 5 in Axes
  2722 | D:4      | Found a burning altar of Makhleb.
  2795 | D:4      | Found a staircase to the Ecumenical Temple.
  2935 | D:4      | Reached *** piety under Trog
  3141 | D:4      | Noticed an ogre
  3149 | D:4      | Killed an ogre
  3150 | D:4      | Reached skill level 5 in Armour
  3150 | D:4      | Reached XP level 6. HP: 57/57 MP: 5/5
  3335 | D:5      | Entered Level 5 of the Dungeon
  3359 | D:5      | Identified a scroll of acquirement
  3359 | D:5      | Acquired the ring "Ofaell" {rPois MP+9 Str+5 Stlth+}
  3548 | D:5      | Reached XP level 7. HP: 63/63 MP: 6/6
  3751 | D:5      | Reached **** piety under Trog
  4067 | D:5      | Reached XP level 8. HP: 61/73 MP: 7/7
  4226 | D:5      | Reached ***** piety under Trog
  4384 | D:6      | Noticed Prince Ribbit
  4399 | D:6      | Killed Prince Ribbit
  4441 | D:6      | Noticed Blork the orc
  4450 | D:6      | Killed Blork the orc
  4521 | D:6      | Noticed Duvessa
  4521 | D:6      | Noticed Dowan
  4526 | D:6      | Killed Dowan
  4536 | D:6      | Killed Duvessa
  4947 | D:6      | Noticed Pikel
  4966 | D:6      | Killed Pikel
  4967 | D:6      | Reached XP level 9. HP: 55/83 MP: 8/8
  5462 | D:6      | Found a stormy altar of Qazlal.
  5690 | D:6      | Found a runed translucent door.
  5691 | D:6      | Noticed Crazy Yiuf
  5696 | D:6      | Killed Crazy Yiuf
  5976 | D:7      | Noticed a gargoyle
  5986 | D:7      | Killed a gargoyle
  5987 | D:7      | Reached skill level 10 in Fighting
  5987 | D:7      | Reached skill level 10 in Axes
  6167 | D:7      | Noticed Joseph
  6168 | D:7      | Noticed Jeremiah
  6190 | D:7      | Killed Joseph
  6191 | D:7      | Reached skill level 10 in Armour
  6209 | D:7      | Killed Jeremiah
  6210 | D:7      | Reached XP level 10. HP: 50/90 MP: 9/9
  6390 | D:7      | Found Nicsegh's Jewellery Emporium.
  6780 | D:8      | Found a hide-covered altar of Uskayaw.
  6780 | D:8      | Noticed a +0 dagger
  6780 | D:8      | Noticed a +0 dagger
  6808 | D:8      | Found a blossoming altar of Fedhas.
  6866 | D:8      | Identified the +2 orcbow "Awiec" {freeze, Will+}
  6961 | D:8      | Found a hazy altar of Hepliaklqana.
  6962 | D:8      | Found a snail-covered altar of Cheibriados.
  7302 | D:8      | Found a white marble altar of Elyvilon.
  7306 | D:8      | Found a broken altar of Ashenzari.
  7307 | D:8      | Found a shadowy altar of Dithmenos.
  7766 | D:9      | Received a gift from Trog
  7788 | D:9      | Found a staircase to the Orcish Mines.
  7881 | D:9      | Noticed Maggie
  7891 | D:9      | Killed Maggie
  7892 | D:9      | Reached skill level 1 in Evocations
  7933 | D:9      | Found an ancient bone altar of Kikubaaqudgha.
  7940 | D:9      | Found a shimmering blue altar of Sif Muna.
  7942 | D:9      | Found a radiant altar of Vehumet.
  8030 | D:9      | Identified the +1 cloak of Tiehyeri {Dex+4 Slay+3 Stlth+}
  8367 | D:10     | Entered Level 10 of the Dungeon
  8367 | D:10     | Found a staircase to the Lair.
  8446 | D:10     | Noticed Fannar
  8462 | D:10     | Killed Fannar
  8463 | D:10     | Reached XP level 11. HP: 104/105 MP: 10/10
  8491 | D:10     | Found the +5 glaive of the Guard {elec, spectral}
  8491 | D:10     | Noticed a deep elf pyromancer
  8492 | D:10     | Noticed a deep elf pyromancer
  8507 | D:10     | Noticed a two-headed ogre
  8511 | D:10     | Killed a deep elf pyromancer
  8518 | D:10     | Killed a deep elf pyromancer
  8530 | D:10     | Killed a two-headed ogre
  8531 | D:10     | Reached skill level 5 in Evocations
  8784 | D:10     | Found a bloodstained altar of Trog.
  9334 | D:11     | Noticed Gastronok
  9340 | D:11     | Noticed Sonja
  9346 | D:11     | Killed Gastronok
  9347 | D:11     | Reached skill level 15 in Axes
  9354 | D:11     | Killed Sonja
  9355 | D:11     | Reached XP level 12. HP: 67/113 MP: 11/11
  9562 | D:11     | Noticed a two-headed ogre
  9564 | D:11     | Noticed a seven-headed hydra
  9571 | D:11     | Killed a 13-headed hydra
  9575 | D:11     | Killed a two-headed ogre
  9576 | D:11     | Reached ****** piety under Trog
  9780 | D:11     | Noticed a two-headed ogre
  9784 | D:11     | Killed a two-headed ogre
 10183 | D:11     | Received a gift from Trog
 10499 | Lair:1   | Entered Level 1 of the Lair of Beasts
 10828 | Lair:1   | Reached skill level 1 in Throwing
 10992 | Lair:1   | Reached XP level 13. HP: 111/122 MP: 12/12
 11248 | Lair:1   | Reached skill level 5 in Dodging
 12282 | Lair:3   | Found a staircase to the Snake Pit.
 12304 | Lair:3   | Reached skill level 5 in Throwing
 12370 | Lair:3   | Received a gift from Trog
 12393 | Lair:3   | Reached skill level 15 in Fighting
 13062 | Lair:3   | Found a staircase to the Shoals.
 13404 | Lair:4   | Found a staircase to the Slime Pits.
 13687 | Lair:4   | Reached XP level 14. HP: 133/136 MP: 13/13
 13702 | Lair:4   | Identified the +2 leather armour of the Shining Light {+Inv
                  | rElec Dex+4 Stlth-}
 13712 | Lair:4   | Acquired the amulet of the Six Defenders {Regen+ Str+4}
 13938 | Lair:4   | Identified the +9 quick blade of Ophery {flame, rF+++ rC+
                  | rN+ Will-} (Trog gifted it to you on level 4 of the Lair of
                  | Beasts)
 13938 | Lair:4   | Received a gift from Trog
 15081 | Orc:1    | Entered Level 1 of the Orcish Mines
 15106 | Orc:1    | Noticed Jorgrun
 15127 | Orc:1    | Killed Jorgrun
 15249 | Orc:1    | Found Susy's Vocational Training.
 15356 | Orc:2    | Entered Level 2 of the Orcish Mines
 15426 | Orc:2    | Found a staircase to the Elven Halls.
 15530 | Orc:2    | Found a flickering gateway to a bazaar.
 15544 | Bazaar   | Entered a bazaar
 15544 | Bazaar   | Found Tearhephe's Antique Weapon Shop.
 15544 | Bazaar   | Found Cuedom's Antique Armour Shop.
 15587 | Bazaar   | Found Etuosubo's General Store.
 15609 | Bazaar   | Bought a glowing plate armour for 390 gold pieces
 15691 | Orc:1    | Noticed Maurice
 15691 | Orc:1    | Noticed Erolcha
 15691 | Orc:1    | Found Ochoawn's General Store.
 15695 | Orc:1    | Killed Erolcha
 15698 | Orc:1    | Something stole the +5 glaive of the Guard {elec, spectral}
 15720 | Orc:1    | Something stole 30 boomerangs
 15724 | Orc:1    | Killed Maurice
 15724 | Orc:1    | Received a gift from Trog
 15791 | Orc:1    | Bought a scroll of teleportation for 48 gold pieces
 16101 | Orc:2    | Found Xehe's Distillery.
 16219 | Orc:2    | Found Qubasija's Weapon Emporium.
 16225 | Orc:2    | Found Onuez Tebbu's Book Emporium.
 16227 | Orc:2    | Found Conloe Egib's Distillery.
 16236 | Orc:2    | Bought a potion of curing for 51 gold pieces
 16236 | Orc:2    | Bought a potion of attraction for 51 gold pieces
 16236 | Orc:2    | Bought a potion of cancellation for 136 gold pieces
 16425 | Orc:2    | Found a roughly hewn altar of Beogh.
 16636 | Snake:1  | Entered Level 1 of the Snake Pit
 16675 | Snake:1  | Found Diqiu's Book Shoppe.
 16922 | Snake:1  | Found a runed translucent gate.
 16922 | Snake:1  | Found a runed translucent gate.
 16922 | Snake:1  | Found a runed translucent gate.
 16923 | Snake:1  | Found an opulent altar of Gozag.
 16925 | Snake:1  | Noticed Xewisus's ghost (adept CoBe)
 18078 | Snake:2  | Reached XP level 15. HP: 148/148 MP: 14/14
 19226 | Snake:3  | Found a runed translucent gate.
 19226 | Snake:3  | Found a runed translucent gate.
 19226 | Snake:3  | Found a runed translucent gate.
 19232 | Snake:3  | Noticed Usydixif's ghost (adept MDNe)
 19369 | Snake:3  | Received a gift from Trog
 19528 | Snake:3  | Reached skill level 15 in Armour
 21120 | Shoals:1 | Entered Level 1 of the Shoals
 21142 | Shoals:1 | Found a glacial archway.
 21206 | IceCv    | Entered an ice cave
 21417 | IceCv    | Received a gift from Trog
 21590 | IceCv    | Noticed a white draconian knight
 21609 | IceCv    | Killed a white draconian knight
 21746 | IceCv    | Identified the amulet of Umyshaewkij {Will+ Regen+ Str+3}
 21749 | IceCv    | Identified the ring of Inlozips {rF+ rN+ EV+5 Dex+5}
 21831 | Shoals:1 | Identified the +3 scimitar of Intense Optimality {holy, rF+
                  | Str+4 SInv}
 21858 | Shoals:1 | Reached XP level 16. HP: 138/161 MP: 15/15
 22216 | Shoals:1 | Identified the +4 scale mail "Ysoirer" {Rampage rCorr Str+2
                  | Int-4}
 22788 | Shoals:1 | Received a gift from Trog
 23084 | Shoals:2 | Found Jiricon's Antique Weapon Shop.
 23455 | Shoals:2 | Found Cebud's Weapon Boutique.
 23458 | Shoals:2 | Found Qic Erye's Book Shoppe.
 23511 | Shoals:2 | Found Elikeher's Distillery.
 23527 | Shoals:2 | Bought a potion of enlightenment for 75 gold pieces
 23527 | Shoals:2 | Bought a potion of heal wounds for 75 gold pieces
 23610 | Shoals:2 | Found Nuhicinge's Armour Boutique.
 23619 | Shoals:2 | Bought the +7 plate armour "Optoad" {+Inv rF+ Str+2 Dex-5}
                  | for 1308 gold pieces
 24150 | Shoals:2 | Noticed Ilsuiw
 24164 | Shoals:2 | HP: 3/162 [merfolk impaler/+2 trident of venom[Ilsuiw]
                  | (11)]
 24168 | Shoals:2 | Drowned by a water elemental

Illustrated notes

Levels and vault maps discovered:
D:1:      eino_arrival_cavern_c, layout_rooms, serial_shops,
          nicolae_shop_just_a_little_nook, shapermc_ecumenical_altar_ellora
D:2:      layout_loops_corners
D:3:      layout_basic, uniq_terence
D:4:      layout_rooms, mainiacjoe_overflow_six_doors_small,
          minmay_temple_entry_statues_fountains
D:5:      lemuel_castle_with_subvaults [lemuel_castle_interior_carwin_3],
          layout_rooms
D:6:      layout_basic, kennysheep_mini, minivault_26, uniq_pikel,
          uniq_prince_ribbit1, uniq_blork_the_orc, uniq_crazy_yiuf_cottage,
          uniq_duvessa
D:7:      layout_rooms, minmay_shop_enchanted_jewellery, uniq_jeremiah,
          uniq_joseph
D:8:      layout_cave_pools, dancing_weapons_uskayaw,
          gammafunk_temple_overflow_claw, grunt_temple_overflow_open,
          minmay_mini_ossuary
D:9:      layout_cave_pools, grunt_temple_overflow_magic_moments,
          hiddenorc2_lemuel, uniq_maggie
D:10:     layout_basic, lightli_temple_of_fire, lair_entry_dummy,
          minmay_radiant, uniq_fannar
D:11:     layout_basic, lightli_fourway_metalbox, uniq_sonja, uniq_gastronok
Lair:1:   layout_long_grid
Lair:2:   layout_misc_corridors
Lair:3:   layout_gridlike, elwin_shoals_entry_rooms, guppyfry_snake_entry_garden
Lair:4:   layout_layer_cave, slime_entry_1, disabler_island, lemuel_fruit_fields
Shoals:1: layout_shoals, portal_ice_cave_entry_frozen_things
Shoals:2: layout_shoals, serial_shops, nicolae_take_the_stairs,
          nicolae_shop_tiny_statue_garden, shop, shop, nicolae_shop_statue_plus,
          uniq_ilsuiw
Snake:1:  layout_chambers, serial_shops, nicolae_shop_tiny_glass,
          ebering_ghost_gozag, lemuel_fruit_tree, serial_bayou_shore_b
Snake:2:  layout_chambers
Snake:3:  cheibrodos_snake_lava_hold, layout_honeycomb,
          gammafunk_ghost_necromancy
Orc:1:    layout_caves, nicolae_volcano_entry_hallway, serial_shops,
          nicolae_shop_tiny_glass, nicolae_shop_vocational, uniq_maurice,
          uniq_jorgrun, uniq_erolcha
Orc:2:    st_orc_elflike, layout_caves, serial_shops, bzr_entry_customers,
          david_defended_altar_orc

Skill      XL: |  1  2  3  4  5  6  7  8  9 10 11 12 13 14 15 16 |
---------------+-------------------------------------------------+-----
Axes           | 4 5 6 7 9 10 13 15 18 20 | 20.8
Fighting       | 4 5 6 7 9 10 12 13 15 17 19 20 | 20.0
Armour         | 3 4 5 6 8 10 11 13 16 17 | 17.5
Evocations     | 2 6 7 |  7.0
Dodging        | 4 5 |  5.0
Throwing       | 2 5 |  5.0

Action                     |  1- 3 |  4- 6 |  7- 9 | 10-12 | 13-15 | 16-18 || total
---------------------------+-------+-------+-------+-------+-------+-------++-------
  Melee: Hand axe          |    51 |    60 |       |       |       |       ||   111
         Headbutt          |     5 |    24 |    55 |    77 |   221 |    26 ||   408
         War axe           |       |    69 |   236 |   151 |       |       ||   456
         Broad axe         |       |       |       |   290 |   677 |       ||   967
         Glaive            |       |       |       |     4 |     2 |       ||     6
         Executioner's axe |       |       |       |       |   147 |   120 ||   267
  Throw: Dart              |       |       |       |       |     4 |       ||     4
 Invoke: Berserk           |     1 |     2 |     4 |       |    10 |       ||    17
  Evoke: Wand              |       |       |       |     7 |    11 |     5 ||    23
    Use: Scroll            |       |     2 |       |    11 |     9 |     2 ||    24
         Potion            |       |       |       |       |     3 |     4 ||     7
   Stab: Petrified         |       |       |       |       |     5 |       ||     5
         Petrifying        |       |       |       |       |     1 |       ||     1
 Armour: Animal skin       |    21 |    44 |       |       |       |       ||    65
         Chain mail        |       |     6 |       |       |       |       ||     6
         Plate armour      |       |    21 |   158 |   306 |   806 |   171 ||  1462
  Dodge: Dodged            |    19 |    65 |   165 |   235 |   474 |    59 ||  1017
  Block: Other             |    11 |    28 |    54 |    66 |    40 |       ||   199
         Reflection        |     2 |     1 |     5 |       |       |       ||     8

Table legend: (Time is in decaauts)
 A = Elapsed time spent in this place.
 B = Non-inter-level travel time spent in this place.
 C = Inter-level travel time spent in this place.
 D = Time resting spent in this place.
 E = Time spent auto-exploring this place.
 F = Levels seen in this place.
 G = Mean time per level.
                   A        B        C        D        E       F      G
               +--------+--------+--------+--------+--------+-----+--------+
         Total |  24219 |  22969 |   1250 |   1437 |  17635 |  24 | 1009.1 |
       Dungeon |  10639 |  10293 |    346 |    609 |   7966 |  11 |  967.2 |
          Lair |   4748 |   4263 |    485 |    175 |   3428 |   4 | 1187.0 |
        Shoals |   2240 |   2174 |     66 |    161 |   1595 |   2 | 1120.0 |
     Snake Pit |   4600 |   4320 |    280 |    310 |   3428 |   3 | 1533.3 |
  Orcish Mines |   1290 |   1218 |     72 |     29 |    895 |   2 |  645.0 |
        Bazaar |     89 |     89 |      0 |      0 |     48 |   1 |   89.0 |
      Ice Cave |    611 |    611 |      0 |    152 |    274 |   1 |  611.0 |
               +--------+--------+--------+--------+--------+-----+--------+

Top non-repeatable levels by time:
 Snake:3: 1694 daAuts
 Snake:1: 1609 daAuts
  Lair:4: 1553 daAuts
     D:6: 1478 daAuts
Shoals:1: 1432 daAuts
  Lair:3: 1376 daAuts
 Snake:2: 1296 daAuts
     D:2: 1182 daAuts
    D:11: 1140 daAuts
     D:5: 1028 daAuts
  Lair:1: 997 daAuts
    D:10: 992 daAuts
     D:8: 893 daAuts
     D:7: 887 daAuts
     D:3: 856 daAuts
